 Dungeon Crawl Stone Soup version 0.26.1-11-gd32895ea62 (webtiles) character file.

Game seed: 8698613335462860891

3818 Mesmaeker13 the Chiller (level 9, 0/57 HPs)
             Began as a Mummy Ice Elementalist on May 4, 2021.
             Was a Follower of Sif Muna.
             Slain by Harold
             ... wielding a +0 war axe
              (20 damage)
             ... on level 9 of the Dungeon.
             The game lasted 00:27:25 (13822 turns).

Mesmaeker13 the Chiller (Mummy Ice Elementalist)   Turns: 13822, Time: 00:27:27

Health: 0/57       AC: 10    Str: 11    XL:     9   Next: 97%
Magic:  1/15       EV: 17    Int: 18    God:    Sif Muna [*.....]
Gold:   445        SH:  0    Dex: 18    Spells: 1/16 levels left

rFire    x . .     SeeInvis .   f - +1 dagger (elec)
rCold    + . .     Faith    .   (no shield)
rNeg     + + +     Spirit   .   a - +0 robe
rPois    ∞         Reflect  .   z - +0 helmet
rElec    .         Harm     .   o - +0 cloak
rCorr    .         Rampage  .   j - +2 pair of gloves
Will     +....                  m - +2 pair of boots
Stlth    ++........             (no amulet)
HPRegen  0.19/turn              q - +6 ring of dexterity
MPRegen  0.14/turn              (no ring)

@: no status effects
A: no potions, fire vulnerability, cold resistance 1, negative energy resistance
3, torment resistance, unbreathing
a: Renounce Religion, Channel Magic


You were on level 9 of the Dungeon.
You worshipped Sif Muna.
Sif Muna was aware of your devotion.
You visited 2 branches of the dungeon, and saw 10 of its levels.
You also visited: Sewer and Ossuary.

You collected 445 gold pieces.

Inventory:

Hand Weapons
 f - a +1 dagger of electrocution (weapon)
 w - a +2 hand axe of freezing
 x - a +1 spectral quarterstaff
Missiles
 g - 22 poisoned darts (quivered)
 l - 3 throwing nets
Armour
 a - a +0 robe (worn)
 j - a +2 pair of gloves (worn)
 m - a +2 pair of boots (worn)
 o - a +0 cloak (worn)
 z - a +0 helmet (worn)
Magical Staves
 A - an uncursed staff of fire
Jewellery
 q - a +6 ring of dexterity (left hand)
Wands
 p - a wand of digging (6)
 r - a wand of acid (13)
 y - a wand of iceblast (8)
Scrolls
 b - 3 scrolls of amnesia
 c - 2 scrolls of blinking
 d - 6 scrolls of remove curse
 e - 2 scrolls of teleportation
 h - a scroll of noise
 k - a scroll of immolation
 n - 2 scrolls of enchant armour
 s - a scroll of fear
 t - 2 scrolls of enchant weapon
 u - a scroll of magic mapping
 v - a scroll of torment
 B - 2 scrolls of identify


   Skills:
 + Level 6.8 Dodging
 - Level 1.5 Stealth
 - Level 4.3 Spellcasting
 + Level 3.0 Conjurations
 + Level 6.1 Summonings
 + Level 7.4 Ice Magic
 + Level 0.4 Invocations


You had one spell level left.
You knew the following spells:

 Your Spells              Type           Power        Failure   Level
a - Freeze                Ice            100%         1%          1
b - Frozen Ramparts       Ice            60%          1%          3
c - Ozocubu's Armour      Ice            30%          1%          3
d - Summon Ice Beast      Ice/Summ       28%          9%          4
e - Hailstorm             Conj/Ice       22%          16%         4

Your spell library contained the following spells:

 Spells                   Type           Power        Failure   Level


Dungeon Overview and Level Annotations

Branches:
Dungeon (9/15)             Temple (1/1) D:6            Lair (0/6) D:8
  Sewer (visited)         Ossuary (visited)
    Orc: D:9-12

Altars:
Ashenzari
Cheibriados
Dithmenos
Elyvilon
Fedhas
Gozag
Hepliaklqana
Kikubaaqudgha
Makhleb
Nemelex Xobeh
Okawaru
Qazlal
Ru
Sif Muna
Trog
Uskayaw
Vehumet
Wu Jian
Xom
Yredelemnul
Zin
The Shining One

Shops:
D:5 (

Portals:
Bailey: D:9

Annotations:
D:9 1 runed translucent door, Harold; arta456's ghost, novice DgCj


Innate Abilities, Weirdness & Mutations

You do not drink.
Your flesh is vulnerable to fire.
You are immune to poison.
Your flesh is cold resistant. (rC+)
You are immune to negative energy. (rN+++)
You are immune to unholy pain and torment.
You can survive without breathing.


Message History

Harold is almost dead.
Harold gestures at you while chanting.
You barely resist.
Casting: Summon Ice Beast (dangerous; 9% risk of failure)
Confirm with . or Enter, or press ? or * to list all spells.
Aiming: Freeze (safe; 1% risk of failure)
Press: ? - help, Shift-Dir - straight line, f/p - Harold
Aim: Harold, wielding a +0 war axe and wearing a +0 scale mail (almost dead, covered in acid)
You freeze Harold.
Harold is almost dead.
Harold hits you with a +0 war axe!!
Casting: Freeze (safe; 1% risk of failure)
Confirm with . or Enter, or press ? or * to list all spells.
Aiming: Freeze (safe; 1% risk of failure)
Press: ? - help, Shift-Dir - straight line, f/p - Harold
Aim: Harold, wielding a +0 war axe and wearing a +0 scale mail (almost dead, covered in acid)
You freeze Harold.
Harold is almost dead.
Harold hits you with a +0 war axe!!
You die...

*,*,,,,,,,,*,,,*
###+********,****8
#.#,*,# *,,,,,,
#.8,*.# *,,<,,,
#.#,#.# *,,,,,,
#.#.8.* *,,,,,,
#.#.#,* *,,,,,,
#.8.#,* *,,,,,,
#@#.#.#**##*,,,,,,
#@#.8.#,...,,,,,**
#)#S#.#....,,,,,*,
#)#8#)#....,,,,,*,
#)#.....#**+***,*,
#(......#,,,,,*,*,
###o....#,,,,,*,**
#.....#,,,,,+,,,
#.....###****,,,


You could see Harold (corroded).

Vanquished Creatures
  Prince Ribbit (D:6)
  Sigmund (D:2)
  A wraith (D:7)
  Menkaure (D:5)
  A water moccasin (D:8)
  2 ice beasts
  4 ogres
  3 centaurs
  3 water moccasin zombies
  2 scorpions
  3 killer bees
  A howler monkey (D:7)
  A quasit (D:8)
  A bullfrog skeleton (D:4)
  A bullfrog zombie (D:6)
  4 orc priests
  2 hounds (D:8)
  A jelly (D:7)
  Crazy Yiuf (D:2)
  6 orc wizards
  Terence (D:2)
  5 worker ants
  4 big kobold zombies (Ossuary)
  2 worker ant zombies (D:5)
  3 gnolls (D:8)
  15 adders
  5 river rats
  2 white imps (D:7)
  An ufetubus (D:6)
  3 oozes
  3 adder zombies (Ossuary)
  An adder skeleton (D:4)
  3 worms
  3 dart slugs
  2 leopard geckos
  27 orcs
  8 ball pythons
  7 giant cockroaches
  3 gnoll zombies (Ossuary)
  7 goblins
  8 hobgoblins
  11 jackals
  4 quokkas
  5 bats
  5 frilled lizards
  7 hobgoblin zombies (Ossuary)
  23 kobolds
  4 kobold zombies (Ossuary)
  5 orc zombies (Ossuary)
  34 rats
251 creatures vanquished.

Vanquished Creatures (collateral kills)
  A two-headed ogre (D:8)
  Joseph (D:7)
  An orc warrior (D:9)
  A big kobold (Sewer)
  2 bullfrogs
  An orc priest (D:9)
  3 orc wizards
  2 mummies (Ossuary)
  A gnoll (D:8)
  3 adders
  A shadow imp (D:9)
  3 orcs
20 creatures vanquished.

Vanquished Creatures (others)
  A wizard (D:8)
  3 plants (D:1)
4 creatures vanquished.

Grand Total: 275 creatures vanquished

Notes
Turn   | Place    | Note
-------+----------+-------------------------------------------
     0 | D:1      | Mesmaeker13 the Mummy Ice Elementalist began the quest for
                  | the Orb.
     0 | D:1      | Reached XP level 1. HP: 13/13 MP: 4/4
   214 | D:1      | Reached XP level 2. HP: 19/19 MP: 3/6
   792 | D:1      | Reached XP level 3. HP: 14/24 MP: 1/7
  1232 | D:2      | Found a faded altar of an unknown god.
  1500 | D:2      | Learned a level 3 spell: Frozen Ramparts
  1595 | D:2      | Noticed Sigmund
  1749 | D:3      | Learned a level 3 spell: Ozocubu's Armour
  1937 | D:3      | Reached XP level 4. HP: 30/30 MP: 7/9
  3138 | D:4      | Reached skill level 4 in Ice Magic
  3377 | D:4      | Reached XP level 5. HP: 34/35 MP: 3/11
  3382 | D:4      | Learned a level 4 spell: Summon Ice Beast
  3761 | D:4      | Noticed an ogre
  3800 | D:4      | Killed an ogre
  3801 | D:4      | Reached skill level 1 in Summonings
  3801 | D:4      | Reached XP level 6. HP: 22/41 MP: 3/12
  5036 | D:5      | Entered Level 5 of the Dungeon
  5108 | D:5      | Reached XP level 7. HP: 46/46 MP: 4/13
  5145 | D:5      | Found a glowing drain.
  5171 | Sewer    | Entered a sewer
  5359 | Sewer    | Reached skill level 5 in Ice Magic
  6751 | D:5      | Found a shadowy altar of Dithmenos.
  6762 | D:5      | Noticed Menkaure
  6771 | D:5      | Killed Menkaure
  6772 | D:5      | Reached XP level 8. HP: 33/52 MP: 9/14
  7095 | D:5      | Found Coceos's Antique Weapon Boutique.
  7354 | D:5      | Found a sacrificial altar of Ru.
  7437 | D:2      | Noticed Terence
  7449 | D:2      | Killed Terence
  7609 | D:2      | Found a runed translucent door.
  7610 | D:2      | Noticed Crazy Yiuf
  8001 | D:2      | Killed Sigmund
  8002 | D:2      | Reached skill level 5 in Dodging
  8547 | D:2      | Killed Crazy Yiuf
  8548 | D:2      | Reached skill level 6 in Ice Magic
  8853 | D:6      | Found a sand-covered staircase.
  9035 | D:6      | Found a white marble altar of Elyvilon.
  9064 | Ossuary  | Entered an ossuary
  9716 | D:6      | Noticed Prince Ribbit
  9734 | D:6      | Killed Prince Ribbit
  9983 | D:6      | Reached XP level 9. HP: 57/57 MP: 11/15
 10266 | D:6      | Found a staircase to the Ecumenical Temple.
 10272 | Temple   | Entered the Ecumenical Temple
 10298 | Temple   | Became a worshipper of Sif Muna the Loreminder
 10562 | D:6      | Reached skill level 5 in Summonings
 10623 | D:6      | Found a burning altar of Makhleb.
 10629 | D:6      | Found a shimmering altar of Xom.
 10633 | D:6      | Found a white marble altar of Elyvilon.
 10896 | D:7      | Learned a level 4 spell: Hailstorm
 11291 | D:7      | Noticed Joseph
 11315 | D:7      | Killed Joseph
 11316 | D:7      | Reached skill level 1 in Conjurations
 12366 | D:7      | Reached skill level 7 in Ice Magic
 12865 | D:8      | Reached * piety under Sif Muna
 13122 | D:8      | Noticed a two-headed ogre
 13141 | D:8      | Killed a two-headed ogre
 13325 | D:8      | Found a bloodstained altar of Trog.
 13359 | D:8      | Noticed a wizard
 13362 | D:8      | Killed a wizard
 13582 | D:8      | Found a staircase to the Lair.
 13661 | D:9      | Found a runed translucent gate.
 13661 | D:9      | Identified the cursed +0 morningstar of Boneg {flame, rElec
                  | Will- Str+6}
 13661 | D:9      | Identified the cursed +1 chain mail of Qotweoso {Will-
                  | Dex+5}
 13662 | D:9      | Noticed arta456's ghost (novice DgCj)
 13737 | D:9      | Noticed Harold
 13765 | D:9      | Found an ancient bone altar of Kikubaaqudgha.
 13776 | D:9      | Found a flagged portal.
 13822 | D:9      | Slain by Harold

Illustrated notes

Levels and vault maps discovered:
D:1:      eino_arrival_water_cross, layout_loops_ring, minmay_pentomino_q2
D:2:      layout_basic, chequers_ecumenical_altar_lobes, serial_curves,
          eino_curves_02, eino_curves_03, eino_curves_03,
          uniq_crazy_yiuf_cottage, uniq_sigmund, uniq_terence
D:3:      layout_loops_ring, dk_noncrumbling_2
D:4:      layout_loops_corners, kennysheep_generic_room_9
D:5:      layout_loops_cross, lemuel_doored_altar,
          nicolae_dithmenos_shadow_blocks, portal_sewer_entry_a, serial_shops,
          nicolae_shop_waterfront, uniq_menkaure
D:6:      layout_basic, minmay_overflow_temple_star_quad,
          minmay_temple_entry_fiery, nicolae_ossuary_entry_monument,
          elyvilon_altar_5, uniq_prince_ribbit1
D:7:      layout_gridville, roderic_roman_lattice, uniq_joseph
D:8:      layout_cave_pools, lair_entry_dummy, chequers_decorated_corner,
          grunt_ministairs_6, trog_wizard
D:9:      layout_irregular_city, nicolae_overflow_crystal_walls,
          biasface_ghost_orc_armoury, enter_bailey_8, uniq_harold, uniq_grum
Temple:   lightli_temple_of_artemis

Skill      XL: |  1  2  3  4  5  6  7  8  9 |
---------------+----------------------------+-----
Spellcasting   | 3 4 |  4.3
Dodging        | 2 3 4 5 6 |  6.8
Ice Magic      | 4 5 6 7 |  7.4
Summonings     | 1 2 3 4 6 |  6.1
Conjurations   | 3 |  3.0
Stealth        | |  1.5
Invocations    | |  0.4

Action                   |  1- 3 |  4- 6 |  7- 9 || total
-------------------------+-------+-------+-------++-------
Melee: Unarmed           |     2 |       |       ||     2
       Short sword       |     2 |     3 |       ||     5
       Hand axe          |       |    38 |    31 ||    69
       Dagger            |       |       |   273 ||   273
       Quarterstaff      |       |       |     9 ||     9
Throw: Dart              |       |     7 |     8 ||    15
 Cast: Freeze            |    59 |    67 |   107 ||   233
       Frozen Ramparts   |       |    12 |    40 ||    52
       Ozocubu's Armour  |       |       |    13 ||    13
       Summon Ice Beast  |       |       |    28 ||    28
Evoke: Wand              |       |       |     6 ||     6
  Use: Scroll            |     3 |       |    14 ||    17
 Stab: Sleeping          |       |     2 |    16 ||    18
Armor: Robe              |     6 |    24 |   122 ||   152
Dodge: Dodged            |    30 |    61 |   347 ||   438
